 Dungeon Crawl Stone Soup version 0.28.0-45-g0d030f2227 (webtiles) character file.

Game seed: 6971931211326949637

1109 Zeld the Shield-Bearer (level 8, 0/69 (73) HPs)
             Began as a Deep Dwarf Fighter on Apr 15, 2022.
             Was an Initiate of Makhleb.
             Slain by an ogre
             ... wielding a +0 giant spiked club
              (1 damage)
             ... on level 6 of the Dungeon.
             The game lasted 00:04:35 (4102 turns).

Zeld the Shield-Bearer (Deep Dwarf Fighter)         Turns: 4102, Time: 00:04:35

HP:   0/69 (73)     AC: 11    Str: 22    XL:     8   Next: 11%
MP:   6/6           EV: 10    Int:  9    God:    Makhleb [......]
Gold: 253           SH:  5    Dex: 12    Spells: 7/7 levels left

rFire   . . .      SeeInvis .   a - +0 war axe
rCold   . . .      Faith    .   c - +0 buckler
rNeg    . . .      Spirit   .   q - +3 scale mail {Will+}
rPois   .          Reflect  .   (no helmet)
rElec   .          Harm     .   l - +0 cloak
rCorr   .          Rampage  .   (no gloves)
Will    ++...                   (no boots)
Stlth   +.........              (no amulet)
HPRegen 0.00/turn               (no ring)
MPRegen 0.10/turn               (no ring)

@: drained
A: damage resistance, heal wounds, sense surroundings 1, no regeneration
a: Heal Wounds, Renounce Religion


You were on level 6 of the Dungeon.
You worshipped Makhleb.
Makhleb was noncommittal.
You visited 2 branches of the dungeon, and saw 7 of its levels.

You collected 253 gold pieces.

Inventory:

Hand Weapons
 a - a +0 war axe (weapon)
Armour
 c - a +0 buckler (worn)
 l - a +0 cloak (worn)
 q - a +3 scale mail of willpower (worn)
Jewellery
 s - a ring of resist corrosion
Wands
 b - a wand of flame (19)
 p - a wand of polymorph (5)
 u - a wand of iceblast (10)
Scrolls
 e - 5 scrolls of identify {unknown}
 j - a scroll of fog {unknown}
 m - 2 scrolls of fear {unknown}
 n - a scroll of teleportation {unknown}
 o - a scroll of enchant weapon {unknown}
 t - a scroll of amnesia {unknown}
Potions
 d - 2 potions of might
 f - a potion of ambrosia {unknown}
 g - a potion of degeneration {unknown}
 h - 2 potions of attraction {unknown}
 i - 2 potions of lignification {unknown}
 k - 2 potions of heal wounds {unknown}
 r - a potion of curing {unknown}


   Skills:
 * Level 4.9 Fighting
 * Level 5.3 Axes
 + Level 4.8 Armour
 + Level 3.1 Dodging
 + Level 3.7 Stealth
 * Level 5.8 Shields


You had 7 spell levels left.
You didn't know any spells.
Your spell library was empty.

Dungeon Overview and Level Annotations

Branches:
Dungeon (6/15)             Temple (1/1) D:4

Altars:
Ashenzari
Elyvilon
Fedhas
Gozag
Hepliaklqana
Makhleb
Nemelex Xobeh
Okawaru
Trog
Vehumet
Wu Jian
Xom


Innate Abilities, Weirdness & Mutations

You are resistant to damage.
You can heal yourself by infusing magical energy.
You passively map a small area around you.
You do not regenerate.


Message History

You slash the necrophage!
The necrophage is almost destroyed.
The necrophage hits you.
You feel drained.
You barely miss the necrophage.
The necrophage is almost destroyed.
The necrophage barely misses you.
You slash the necrophage!
You destroy the necrophage!
Makhleb accepts your kill.
No target in view!
You see here a necrophage corpse.
No target in view!
No target in view!
Search for what [Enter for "armor", or ? for help]?
An ogre comes into view. It is wielding a +0 giant spiked club.
An ogre is nearby!
An ogre is nearby!
A bullfrog comes into view.
The bullfrog gives a loud, deep croak!
The ogre hits you with a +0 giant spiked club!!
You closely miss the ogre. The ogre barely misses you.
You barely miss the ogre.
The ogre hits you with a +0 giant spiked club.
You are too injured to fight recklessly!
You hit the ogre.
The ogre is lightly wounded.
You are too injured to fight recklessly!
You hit the ogre.
The ogre is lightly wounded.
The ogre hits you with a +0 giant spiked club!
You are too injured to fight recklessly!
You hit the ogre.
The ogre is moderately wounded.
The ogre hits you with a +0 giant spiked club!!
* * * LOW HITPOINT WARNING * * *
You are too injured to fight recklessly!
You slash the ogre!
The ogre is severely wounded.
The ogre hits you with a +0 giant spiked club.
You die...

, .. ,, ,, , .. * , ,
, .. , .# * , * .# * .
* #.# .. ,
....########.# ..
.....FO@.....#######..
* *
....#######.......#.#
, * . * #.#...#..# *
#.#.#....# * * *
#.#...#..## * *
#....†..<.# *
####.#.###...# #...# *
### ###.# * *


You could see an ogre and a bullfrog.

Vanquished Creatures
  A black bear (D:5)
  A necrophage (D:6)
  2 kobold brigands (D:5)
  A phantom (D:5)
  2 scorpions
  A water moccasin skeleton (D:5)
  A crimson imp (D:5)
  4 hounds
  A centaur skeleton (D:5)
  An orc priest (D:5)
  2 jellies
  Crazy Yiuf (D:3)
  Terence (D:3)
  An iguana (D:5)
  An orc wizard (D:5)
  A hound zombie (D:5)
  A hound skeleton (D:4)
  2 adders (D:5)
  3 gnolls (D:2)
  3 white imps (D:5)
  2 adder skeletons
  4 orcs (D:5)
  7 endoplasms
  4 giant cockroaches
  11 goblins
  2 hobgoblins
  3 jackals (D:1)
  12 kobolds
  8 ball pythons
  6 bats
  3 frilled lizards
  5 rats
98 creatures vanquished.

Vanquished Creatures (others)
  2 plants
2 creatures vanquished.

Grand Total: 100 creatures vanquished

Notes
Turn   | Place    | Note
-------+----------+-------------------------------------------
     0 | D:1      | Zeld the Deep Dwarf Fighter began the quest for the Orb.
     0 | D:1      | Reached XP level 1. HP: 20/20 MP: 1/1
    95 | D:1      | Reached XP level 2. HP: 24/27 MP: 2/2
   432 | D:1      | Found a faded altar of an unknown god.
   592 | D:1      | Reached XP level 3. HP: 24/34 MP: 3/3
  1073 | D:2      | Reached skill level 1 in Stealth
  1086 | D:2      | Reached skill level 1 in Dodging
  1137 | D:2      | Reached XP level 4. HP: 36/42 MP: 4/4
  1492 | D:3      | Noticed Terence
  1502 | D:3      | Killed Terence
  1919 | D:3      | Found a runed translucent door.
  1920 | D:3      | Noticed Crazy Yiuf
  2218 | D:3      | Killed Crazy Yiuf
  2265 | D:4      | Reached XP level 5. HP: 49/49 MP: 5/5
  2304 | D:4      | Found a staircase to the Ecumenical Temple.
  2314 | Temple   | Entered the Ecumenical Temple
  2786 | D:4      | Reached XP level 6. HP: 46/57 MP: 6/6
  3057 | D:5      | Entered Level 5 of the Dungeon
  3161 | D:5      | Reached skill level 5 in Shields
  3161 | D:5      | Reached XP level 7. HP: 48/64 MP: 6/6
  3653 | D:5      | Reached skill level 5 in Axes
  3984 | D:5      | Found a radiant altar of Vehumet.
  3984 | D:5      | Found a burning altar of Makhleb.
  3996 | D:5      | Became a worshipper of Makhleb the Destroyer
  3999 | D:5      | Reached XP level 8. HP: 64/73 MP: 6/6
  4101 | D:6      | HP: 1/69 [ogre/+0 giant spiked club (20)]
  4102 | D:6      | Slain by an ogre

Illustrated notes

Levels and vault maps discovered:
D:1:      dpeg_arrival_central, layout_loops_cross,
          ebering_ecumenical_altar_ruins
D:2:      layout_loops_cross, hex_large, minivault_19
D:3:      layout_basic, uniq_terence, uniq_crazy_yiuf_cottage
D:4:      layout_loops_ring, minmay_temple_entry_glassed_door
D:5:      cheibrodos_thug_alley, layout_basic,
          grunt_temple_overflow_lords_of_destruction, serial_curves,
          eino_curves_01, eino_curves_04, serial_bayou_pond_b
D:6:      minmay_cornered_nines, layout_loops_cross, minmay_misc_feat_rugged
Temple:   cyrus_temple_forest

Skill      XL: |  1  2  3  4  5  6  7 |
---------------+----------------------+-----
Fighting       | 3 4 |  4.9
Stealth        | 1 2 3 |  3.7
Axes           | 3 4 5 |  5.3
Dodging        | 1 2 3 |  3.1
Shields        | 4 5 |  5.8
Armour         | 4 |  4.8

Action                   |  1- 3 |  4- 6 |  7- 9 || total
-------------------------+-------+-------+-------++-------
Melee: War axe           |   100 |   116 |    80 ||   296
 Abil: Heal Wounds       |     2 |     3 |     3 ||     8
Armor: Scale mail        |    38 |    70 |    40 ||   148
Dodge: Dodged            |    52 |    70 |    38 ||   160
Block: Buckler           |    21 |    35 |    18 ||    74
